[Event "Team 45 45 League T33"]
[Site "Internet Chess Club"]
[Date "2007.05.20"]
[Round "5"]
[White "PrincessChess"]
[Black "chickenhead"]
[Result "1/2-1/2"]
[WhiteElo "1807"]
[BlackElo "1918"]
[ECO "C01"]
[TimeControl "2700+45"]

1. e4 e6 2. d4 d5 3. exd5 exd5 4. c4 Nf6 5. Nc3 c6 6. Nf3 Be7 7. Bd3 Nbd7 8. O-O
O-O 9. Bg5 h6 10. Bh4 Re8 11. Qc2 dxc4 12. Bxc4 Nb6 13. Bd3 Nbd5 14. Rad1 Nb4
15. Qb1 Nxd3 16. Qxd3 Nd5 17. Bxe7 Rxe7 18. Rfe1 Be6 19. a3 Qd6 20. Ne4 Qc7 21.
Nc5 Rae8 22. Nxe6 Rxe6 23. Rxe6 Rxe6 24. Re1 Rxe1+ 25. Nxe1 Qe7 26. Kf1 Nf4 27.
Qe3 Nd5 28. Qxe7 Nxe7 29. Ke2 Nd5 30. g3 f6 31. Nd3 Kf7 32. Nc5 b6 33. Ne4 Ke6
34. Kd3 a5 35. f3 g5 36. Nd2 h5 37. Ne4 Nc7 38. Nc3 Nd5 39. Ne4 Nc7 40. Nc3 Nd5
41. Ne4 {Game drawn by repetition} 1/2-1/2

[Event "Team 45 45 League T33"]
[Site "Internet Chess Club"]
[Date "2007.05.17"]
[Round "5"]
[White "Nosferatu1"]
[Black "OrangeKing"]
[Result "1/2-1/2"]
[WhiteElo "1799"]
[BlackElo "1811"]
[ECO "D08"]
[TimeControl "2700+45"]

1. d4 d5 2. c4 e5 3. e3 exd4 4. exd4 Nf6 5. Nc3 c6 6. Nf3 Bg4 7. h3 Bxf3 8. Qxf3
dxc4 9. Qe3+ Qe7 10. Bxc4 Qxe3+ 11. Bxe3 Bb4 12. a3 Ba5 13. b4 Bb6 14. Na4 Nbd7
15. Nc5 Nxc5 16. dxc5 Bc7 17. Bd4 O-O 18. O-O Nd7 19. Rad1 Be5 20. Rfe1 Rfe8 21.
Be3 Nf6 22. Rd3 Rad8 23. Red1 Bc7 24. Rxd8 Rxd8 25. Rxd8+ Bxd8 26. Kf1 {Game
drawn by mutual agreement} 1/2-1/2

[Event "Team 45 45 League T33"]
[Site "Internet Chess Club"]
[Date "2007.05.19"]
[Round "5"]
[White "Socraticchess"]
[Black "John3v16"]
[Result "1/2-1/2"]
[WhiteElo "1847"]
[BlackElo "1853"]
[ECO "B02"]
[TimeControl "2700+45"]

1. e4 Nf6 2. e5 Nd5 3. c4 Nb6 4. d4 d6 5. exd6 cxd6 6. Nc3 g6 7. Bd3 Bg7 8. Nge2
Nc6 9. Be3 O-O 10. O-O Nb4 11. Rc1 Nxd3 12. Qxd3 Bf5 13. Ne4 d5 14. cxd5 Qxd5
15. N2c3 Qd7 16. Rfd1 Rfd8 17. Qe2 Bxe4 18. Nxe4 Qe6 19. Nc5 Qxa2 20. Nxb7 Rd7
21. Nc5 Rdd8 22. Qb5 Qd5 23. Qa6 e5 24. Nb7 Rd7 25. Nc5 {Game drawn by mutual
agreement} 1/2-1/2

[Event "Team 45 45 League T33"]
[Site "Internet Chess Club"]
[Date "2007.05.20"]
[Round "5"]
[White "winerum"]
[Black "Dodgee"]
[Result "1-0"]
[WhiteElo "1731"]
[BlackElo "1670"]
[ECO "B07"]
[TimeControl "2700+45"]

1. e4 d6 2. d4 Nf6 3. Nc3 g6 4. Bd3 Bg7 5. Nf3 O-O 6. Be3 Nbd7 7. h3 e5 8. O-O
exd4 9. Bxd4 Re8 10. Re1 b6 11. Be3 Bb7 12. Bg5 h6 13. Bh4 g5 14. Bg3 Nc5 15.
Bb5 Re7 16. Nd4 Nfxe4 17. Nxe4 Bxd4 18. Nxc5 Bxc5 19. Qh5 Rxe1+ 20. Rxe1 Qf6 21.
c3 a5 22. Qg4 c6 23. Bd3 d5 24. h4 Rd8 25. hxg5 Qxg5 26. Qf5 Qxf5 27. Bxf5 d4
28. c4 Bf8 29. Bc7 Ra8 30. Bxb6 Bg7 31. Re4 d3 32. Be3 Rd8 33. Bd2 Bc8 34. Bxc8
Rxc8 35. b3 Kh7 36. Re7 Kg6 37. Rd7 Re8 38. Rxd3 Ra8 39. Rd6+ Kf5 40. Rxc6 Bf8
41. Bxh6 Bxh6 42. Rxh6 Rd8 43. Rh5+ {Black resigns} 1-0

[Event "Team 45 45 League T33"]
[Site "Internet Chess Club"]
[Date "2007.05.16"]
[Round "5"]
[White "xenocide"]
[Black "Grenadier"]
[Result "1/2-1/2"]
[WhiteElo "1810"]
[BlackElo "1806"]
[ECO "B12"]
[TimeControl "2700+45"]

1. e4 c6 2. d4 d5 3. e5 Bf5 4. Nf3 e6 5. a3 c5 6. c4 Nc6 7. Qb3 b6 8. cxd5 Qxd5
9. Qxd5 exd5 10. Bb5 Bd7 11. Nc3 Nxd4 12. Nxd4 cxd4 13. Nxd5 Rc8 14. Bxd7+ Kxd7
15. Nf4 Ne7 16. O-O Ng6 17. Nxg6 hxg6 18. Rd1 Ke6 19. Rxd4 Bc5 20. Re4 Rhd8 21.
Re1 Rd5 22. Bf4 Bd4 23. Rac1 Rdc5 24. b4 Rc2 25. Rxc2 Rxc2 26. Be3 Bxe3 27. fxe3
Ra2 28. Rc1 Rxa3 29. Rc7 Rxe3 30. Rxa7 Rxe5 31. Ra1 Kd5 32. Rc1 Kd6 33. Rc4 f5
34. Kf2 Re4 35. Rc8 Rxb4 36. Rg8 Ke6 37. Rxg7 Kf6 38. Rg8 b5 39. Rb8 g5 40. h3
Rb2+ 41. Kf3 g4+ 42. hxg4 fxg4+ 43. Kxg4 Rxg2+ 44. Kf3 Rb2 45. Ke3 Ke5 46. Kd3
Kd5 47. Kc3 Rb1 48. Kc2 Rb4 49. Rd8+ Kc6 50. Rc8+ Kb7 51. Kc3 Rb1 52. Rg8 Re1
53. Rg6 Re4 54. Kb3 Rc4 55. Rg7+ Kb6 56. Rg8 Rc7 57. Kb4 Rc4+ 58. Kb3 Rd4 59.
Rb8+ Kc7 {Game drawn by mutual agreement} 1/2-1/2

[Event "Team 45 45 League T33"]
[Site "Internet Chess Club"]
[Date "2007.05.20"]
[Round "5"]
[White "Wheels"]
[Black "tryanything"]
[Result "1-0"]
[WhiteElo "1791"]
[BlackElo "1640"]
[ECO "C77"]
[TimeControl "2700+45"]

1. e4 e5 2. Nf3 Nc6 3. Bb5 a6 4. Ba4 Nf6 5. d3 Be7 6. Bxc6 dxc6 7. Nxe5 h6 8.
O-O O-O 9. Nc3 Bd6 10. Nf3 Re8 11. Re1 Bb4 12. Bd2 Bg4 13. h3 Bxf3 14. Qxf3 Qd7
15. Bxh6 gxh6 16. Qxf6 Re6 17. Qf4 Rg6 18. Re3 Rf8 19. Rg3 Kh7 20. e5 f6 21.
Rxg6 Kxg6 22. Qxb4 {Black resigns} 1-0

[Event "Team 45 45 League T33"]
[Site "Internet Chess Club"]
[Date "2007.05.16"]
[Round "5"]
[White "FiendAngelical"]
[Black "GoIrish"]
[Result "1-0"]
[WhiteElo "1778"]
[BlackElo "1617"]
[ECO "E94"]
[TimeControl "2700+45"]

1. d4 Nf6 2. c4 g6 3. Nc3 Bg7 4. e4 d6 5. Nf3 O-O 6. Be2 Nbd7 7. O-O e5 8. Qc2
h6 9. h3 exd4 10. Nxd4 a5 11. Be3 Nc5 12. Rad1 Qe7 13. f3 Nh5 14. Rfe1 f5 15.
Nd5 Qf7 16. exf5 gxf5 17. Nb5 f4 18. Bxc5 dxc5 19. Nbxc7 Bf5 20. Bd3 Bd4+ 21.
Kh2 Bxd3 22. Qxd3 Rac8 23. Ne7+ Kg7 24. Ne6+ Kh8 25. Ng6+ Kg8 26. Nexf8 Rxf8 27.
Nxf8 Qxf8 28. Qg6+ Ng7 29. Re6 Qd8 30. Rde1 Be3 31. Rd6 Qh4 32. Rd7 Bd4 33. Re8#
{Black checkmated} 1-0

[Event "Team 45 45 League T33"]
[Site "Internet Chess Club"]
[Date "2007.05.19"]
[Round "5"]
[White "EdBorowski"]
[Black "Allessia"]
[Result "0-1"]
[WhiteElo "1970"]
[BlackElo "2284"]
[ECO "A46"]
[TimeControl "2700+45"]

1. d4 Nf6 2. Nf3 e6 3. Bf4 d5 4. c3 Bd6 5. Bg3 Nbd7 6. e3 Bxg3 7. hxg3 c5 8.
Nbd2 h6 9. Bd3 Qb6 10. Rb1 O-O 11. Qe2 Qc7 12. O-O e5 13. dxe5 Nxe5 14. Nxe5
Qxe5 15. Qf3 Re8 16. Qf4 Qxf4 17. gxf4 Bg4 18. Nf3 Bxf3 19. gxf3 d4 20. cxd4
cxd4 21. e4 Nh5 22. f5 Nf4 23. Rfd1 Rac8 24. Rd2 Rc7 25. Rbd1 Rd8 26. Bf1 Rcd7
27. Kh2 g5 28. Kg3 d3 29. Bh3 f6 30. Bf1 Kf7 31. Bh3 h5 32. Bf1 b5 33. Bh3 a5
34. Bf1 a4 35. Kh2 b4 36. Kg3 Ke7 37. Kh2 Rc7 38. Kg3 Rc2 39. Kh2 Rdc8 40. Kg3
Rxd2 41. Rxd2 Rc1 42. Bxd3 Rh1 {White resigns} 0-1

[Event "Team 45 45 League T33"]
[Site "Internet Chess Club"]
[Date "2007.05.18"]
[Round "5"]
[White "Gregorio"]
[Black "Flying-Tiger"]
[Result "1-0"]
[WhiteElo "2157"]
[BlackElo "1914"]
[ECO "B34"]
[TimeControl "2700+45"]

1. e4 c5 2. Nf3 g6 3. d4 cxd4 4. Nxd4 Nc6 5. Nc3 Bg7 6. Be3 Nf6 7. f3 O-O 8. Qd2
d5 9. Nxc6 bxc6 10. O-O-O Qa5 11. Kb1 Rb8 12. e5 Nd7 13. f4 Ba6 14. Nxd5 Qa3 15.
Qc3 Qxc3 16. Nxc3 Bxf1 17. Rxd7 Bxg2 18. Rg1 Bh3 19. Rxa7 e6 20. Ne4 Rfd8 21.
Ng5 f6 22. Nxh3 fxe5 23. Rxg7+ Kxg7 24. fxe5 Rd5 25. Nf4 Rxe5 26. Bd4 Kf6 27.
Nd3 {Black resigns} 1-0

[Event "Team 45 45 League T33"]
[Site "Internet Chess Club"]
[Date "2007.05.21"]
[Round "5"]
[White "LennyH"]
[Black "baumhauer"]
[Result "0-1"]
[WhiteElo "1890"]
[BlackElo "1991"]
[ECO "C88"]
[TimeControl "2700+45"]

1. e4 e5 2. Nf3 Nc6 3. Bb5 a6 4. Ba4 Nf6 5. O-O Be7 6. Re1 b5 7. Bb3 O-O 8. a4
Bb7 9. c3 d6 10. d4 Nd7 11. Nbd2 Nb6 12. a5 Nd7 13. Nf1 Bf6 14. Ng3 g6 15. Bh6
Bg7 16. Qd2 Kh8 17. Bc2 Qe7 18. Bxg7+ Kxg7 19. b4 Nd8 20. Rad1 f6 21. Nh4 f5 22.
Nhxf5+ gxf5 23. Nxf5+ Rxf5 24. exf5 Qf6 25. Re3 Nf7 26. Rg3+ Kh8 27. Re1 Rg8 28.
Rxg8+ Kxg8 29. f4 exd4 30. Re8+ Nf8 31. cxd4 Bc6 32. Re3 h6 33. Qd1 Kh8 34. Rg3
Bd5 35. h3 Nd8 36. Kh2 Nc6 37. Qg4 Nxd4 38. Be4 Bf7 39. Qd1 c5 40. bxc5 dxc5 41.
Rd3 Bc4 42. Rd2 Nd7 43. Qh5 Bf7 44. Qd1 Qd6 45. g3 Nf6 46. Bg2 Kg7 47. Rd3 Bc4
48. Re3 Nxf5 49. Qxd6 Nxd6 50. Re7+ Kf8 51. Rc7 Nfe4 52. g4 b4 53. g5 hxg5 54.
fxg5 b3 55. g6 b2 56. Bxe4 Nxe4 57. Rb7 Bb5 {White resigns} 0-1

[Event "Team 45 45 League T33"]
[Site "Internet Chess Club"]
[Date "2007.05.18"]
[Round "5"]
[White "Mikey29a"]
[Black "Creb"]
[Result "0-1"]
[WhiteElo "1612"]
[BlackElo "1816"]
[ECO "C01"]
[TimeControl "2700+45"]

1. e4 e6 2. d4 d5 3. exd5 exd5 4. Bd3 Nc6 5. c3 Bd6 6. Ne2 Qh4 7. Be3 Bg4 8. Qd2
Bxe2 9. Bxe2 h6 10. b4 Qe7 11. a4 Nf6 12. f3 O-O 13. O-O Rfe8 14. Kf2 Bxh2 15.
Na3 Bg3+ 16. Kxg3 Qxe3 17. Qxe3 Rxe3 18. Kf2 Rxc3 19. Nb5 Rc2 20. Nxc7 Rc8 21.
Nb5 Re8 22. Rfe1 a6 23. Nd6 Re6 {White resigns} 0-1

[Event "Team 45 45 League T33"]
[Site "Internet Chess Club"]
[Date "2007.05.20"]
[Round "5"]
[White "gorgon"]
[Black "azbycx"]
[Result "1-0"]
[WhiteElo "2146"]
[BlackElo "1927"]
[ECO "E06"]
[TimeControl "2700+45"]

1. d4 Nf6 2. c4 e6 3. g3 d5 4. Bg2 Be7 5. Nf3 O-O 6. O-O dxc4 7. Qc2 a6 8. Qxc4
b5 9. Qc2 Bb7 10. Nbd2 Nbd7 11. Nb3 Be4 12. Qc3 Nd5 13. Qd2 Bb4 14. Qd1 Rc8 15.
a3 Be7 16. Nbd2 Bg6 17. b4 Nc3 18. Qe1 Nf6 19. Nb3 Nce4 20. Bb2 Nd5 21. Ne5 Nef6
22. Nc6 Qd7 23. Nxe7+ Qxe7 24. Nc5 Ra8 25. Rc1 Ra7 26. Nb3 Qd7 27. Na5 Ne7 28.
e4 Rc8 29. Qe3 c6 30. Rfd1 Qe8 31. d5 Rd7 32. d6 Rcd8 33. Bxf6 gxf6 34. Qc5 Nc8
35. Nxc6 {Black resigns} 1-0

[Event "Team 45 45 League T33"]
[Site "Internet Chess Club"]
[Date "2007.05.22"]
[Round "5"]
[White "Icebreaker"]
[Black "Vael"]
[Result "1-0"]
[WhiteElo "1764"]
[BlackElo "1953"]
[ECO "B41"]
[TimeControl "2700+45"]

1. e4 c5 2. Nf3 e6 3. d4 cxd4 4. Nxd4 Nf6 5. Bd3 Bc5 6. Nb3 Bb4+ 7. Nc3 Qc7 8.
Bd2 Nc6 9. O-O a6 10. f4 d6 11. Qe1 Bc5+ 12. Nxc5 dxc5 13. e5 Nd5 14. Nxd5 exd5
15. Qg3 O-O 16. Rae1 c4 17. f5 cxd3 18. f6 g6 19. Qg5 Kh8 20. Rf4 {Black
resigns} 1-0

[Event "Team 45 45 League T33"]
[Site "Internet Chess Club"]
[Date "2007.05.19"]
[Round "5"]
[White "shijith"]
[Black "elnik"]
[Result "0-1"]
[WhiteElo "1785"]
[BlackElo "1895"]
[ECO "E73"]
[TimeControl "2700+45"]

1. d4 Nf6 2. c4 g6 3. Nc3 Bg7 4. e4 d6 5. Be2 O-O 6. Bg5 h6 7. Bxf6 Bxf6 8. Nf3
Bg7 9. O-O e5 10. dxe5 dxe5 11. Qxd8 Rxd8 12. Nd5 Na6 13. Ne7+ Kf8 14. Nxc8
Raxc8 15. Rfd1 Nc5 16. Nd2 Rd4 17. f3 Rcd8 18. Nf1 Na4 19. Rab1 b6 20. Ne3 c6
21. a3 h5 22. Re1 Rd2 23. Nd1 Rc2 24. b3 Nc5 25. b4 Nd3 26. Bxd3 Rxd3 27. Ra1
Bh6 28. Rf1 Rdd2 29. Rf2 Rxf2 30. Nxf2 Be3 31. Rf1 Ke7 32. g3 Rxc4 33. Kh1 Rc2
34. Nd3 Bd4 35. f4 f6 36. fxe5 fxe5 37. Rc1 Rxc1+ 38. Nxc1 Kd6 39. Nd3 c5 40.
bxc5+ bxc5 41. Kg2 c4 42. Nb4 c3 43. h3 g5 44. g4 hxg4 45. hxg4 Kc5 46. Nc2 Kc4
{White resigns} 0-1

[Event "Team 45 45 League T33"]
[Site "Internet Chess Club"]
[Date "2007.05.19"]
[Round "5"]
[White "alexcolins"]
[Black "makito"]
[Result "0-1"]
[WhiteElo "1935"]
[BlackElo "1771"]
[ECO "A48"]
[TimeControl "2700+45"]

1. d4 Nf6 2. Nf3 g6 3. Nc3 d5 4. Bf4 c6 5. e3 Bg7 6. Be2 O-O 7. Ne5 Nfd7 8. h4
Nxe5 9. dxe5 Nd7 10. h5 Nxe5 11. hxg6 fxg6 12. Bh6 Qd6 13. Bxg7 Kxg7 14. Qd4 Qf6
15. O-O-O Be6 16. Rh4 Nd7 17. Rdh1 Bg8 18. Qg4 Qf5 19. Qxf5 Rxf5 20. Bg4 Rxf2
21. Bxd7 Rxg2 22. e4 d4 23. Na4 Rf8 24. Nc5 Rff2 25. Ne6+ Kh8 26. Nxd4 e5 27.
Nb3 Rxc2+ 28. Kd1 Rxb2 29. R4h3 Bxb3+ 30. Rxb3 Rbd2+ 31. Ke1 Rxd7 32. Kf1 Rxa2
33. Rb1 Rd4 34. Rh4 b5 35. Ke1 Raa4 36. Rc1 Rac4 37. Ra1 Rxe4+ 38. Rxe4 Rxe4+
39. Kf2 Rf4+ 40. Ke3 Rf7 41. Ke4 Re7 42. Ra6 c5 43. Ra5 Rb7 44. Kxe5 b4 45. Rxc5
b3 46. Kf6 Rb6+ 47. Kf7 Rb8 48. Rc1 b2 49. Rb1 a5 50. Ke6 a4 51. Kd5 a3 {White
resigns} 0-1

[Event "Team 45 45 League T33"]
[Site "Internet Chess Club"]
[Date "2007.05.21"]
[Round "5"]
[White "lmadueno"]
[Black "Budzo"]
[Result "1-0"]
[WhiteElo "1640"]
[BlackElo "1778"]
[ECO "C01"]
[TimeControl "2700+45"]

1. e4 e6 2. d4 d5 3. exd5 exd5 4. Nf3 Bd6 5. Nc3 c6 6. Bd3 Nf6 7. Bg5 O-O 8. O-O
h6 9. Be3 Bg4 10. Be2 Qc7 11. h3 Bxf3 12. Bxf3 Nbd7 13. a3 Rfe8 14. Re1 Nb6 15.
b3 Re7 16. Qd2 Rae8 17. Ne2 Ne4 18. Bxe4 Rxe4 19. Ng3 Bxg3 20. fxg3 Qxg3 21. Bf2
Qg6 22. Qa5 Rxe1+ 23. Rxe1 Rxe1+ 24. Bxe1 Qxc2 25. Qxa7 Qxb3 26. Qxb7 Qb5 27.
Qe7 Qb1 28. Kh2 Qe4 29. Qd8+ Kh7 30. Qxb6 Qxe1 31. Qxc6 Qe4 32. Qc3 Qf4+ 33. Kg1
Qb8 34. Qa1 Qb3 35. a4 Qe3+ 36. Kh1 Qe8 37. a5 Qa8 38. a6 Kg8 39. a7 Kh8 40. Qa6
Kh7 41. Qb6 Qc8 42. Qb8 {Black resigns} 1-0

[Event "Team 45 45 League T33"]
[Site "Internet Chess Club"]
[Date "2007.05.20"]
[Round "5"]
[White "Kinglord"]
[Black "stakastra"]
[Result "1-0"]
[WhiteElo "1660"]
[BlackElo "1597"]
[ECO "B32"]
[TimeControl "2700+45"]

1. e4 c5 2. Nf3 Nc6 3. d4 cxd4 4. Nxd4 d6 5. Nc3 e5 6. Ndb5 a6 7. Na3 h6 8. Be3
Nf6 9. f3 Be6 10. Qd2 Be7 11. O-O-O b5 12. Nd5 Nd4 13. Nxf6+ Bxf6 14. Kb1 O-O
15. c3 b4 16. cxb4 a5 17. b5 Rc8 18. Rc1 Qe7 19. Bc4 Rfd8 20. Bxe6 Rxc1+ 21.
Rxc1 Qxe6 22. Qxa5 d5 23. b6 dxe4 24. fxe4 Qg4 25. Bxd4 Qxe4+ 26. Ka1 exd4 27.
Qa7 Ra8 28. b7 Rxa7 29. b8=Q+ Kh7 30. Qxa7 Qxg2 31. Rc2 Qf1+ 32. Nb1 d3 33. Rd2
Qc1 34. Qf2 Qc4 35. Qf5+ Kh8 36. Qxd3 Qxd3 37. Rxd3 Kh7 38. a4 Be5 {Black
resigns} 1-0

[Event "Team 45 45 League T33"]
[Site "Internet Chess Club"]
[Date "2007.05.20"]
[Round "5"]
[White "AntonioMendonca"]
[Black "Kasparklunk"]
[Result "1-0"]
[WhiteElo "1620"]
[BlackElo "1438"]
[ECO "A38"]
[TimeControl "2700+45"]

1. c4 c5 2. Nc3 Nc6 3. g3 Nf6 4. Bg2 g6 5. Nf3 Bg7 6. O-O O-O 7. d3 d5 8. cxd5
Nxd5 9. Qb3 Nxc3 10. bxc3 Qc7 11. Rb1 b6 12. Bf4 Qd7 13. Ne1 Bb7 14. Nc2 Na5 15.
Qa3 Bxg2 16. Kxg2 Qd5+ 17. Kg1 e5 18. Bg5 f6 19. Bd2 Qc6 20. Qc1 Nb7 21. Bh6 Qd7
22. c4 Nd6 23. Bxg7 Qxg7 24. Ne3 Qd7 25. Nd5 Nf5 26. a4 Qxa4 27. Nc7 Rac8 28.
Nb5 Nd4 29. Nc3 Qc6 30. Qd1 Rfd8 31. Nd5 Rxd5 32. cxd5 Qxd5 33. Re1 f5 34. Qa4
Qb7 35. Rb2 Kg7 36. Ra1 Ra8 37. h4 h6 38. Qa6 Qxa6 39. Rxa6 Kf7 40. Kf1 g5 41.
Rbxb6 axb6 42. Rxa8 gxh4 43. gxh4 b5 44. Ra5 b4 45. Rxc5 b3 46. e3 b2 47. Rc7+
Kg6 48. Rb7 Nf3 49. Rxb2 Nxh4 50. d4 exd4 51. exd4 Kf7 52. d5 Ke7 53. Rb6 Nf3
54. Ke2 Nd4+ 55. Ke3 Nc2+ 56. Kf4 Nd4 57. Rxh6 Kf7 58. Ke5 Nb3 59. Kxf5 Nc5 60.
Rh7+ Ke8 61. f4 Nd3 62. d6 Kd8 63. Rc7 Nf2 64. Ke6 Ne4 65. f5 Ng5+ 66. Ke5 Nf3+
67. Kd5 Ng5 68. f6 Ke8 69. d7+ Kd8 70. Kc6 {Black resigns} 1-0

[Event "Team 45 45 League T33"]
[Site "Internet Chess Club"]
[Date "2007.05.27"]
[Round "5"]
[White "Mutaant"]
[Black "AlekLondon"]
[Result "1-0"]
[WhiteElo "1475"]
[BlackElo "1452"]
[ECO "B20"]
[TimeControl "2700+45"]

1. e4 c5 2. Bc4 Nc6 3. Nc3 g6 4. Nf3 Bg7 5. Nd5 e6 6. Nf4 a6 7. c3 b5 8. Bb3 Ne5
9. Nxe5 Bxe5 10. d4 cxd4 11. cxd4 Bc7 12. d5 e5 13. d6 Bb6 14. Qd5 Nh6 15. Qxe5+
Kf8 16. Qxh8+ Ng8 17. Nxg6+ hxg6 18. Bh6+ {Black resigns} 1-0

[Event "Team 45 45 League T33"]
[Site "Internet Chess Club"]
[Date "2007.05.19"]
[Round "5"]
[White "Badu"]
[Black "mickeys"]
[Result "1-0"]
[WhiteElo "1880"]
[BlackElo "1659"]
[ECO "B41"]
[TimeControl "2700+45"]

1. Nf3 c5 2. e4 e6 3. d4 cxd4 4. c3 dxc3 5. Nxc3 Bb4 6. Bc4 Nc6 7. O-O Bxc3 8.
bxc3 Qa5 9. Qd3 Nge7 10. Re1 Ng6 11. Bb3 O-O 12. Bd2 Nce5 13. Nxe5 Nxe5 14. Qd6
Nc6 15. Rad1 Qe5 16. Qd3 f5 17. f4 fxe4 18. Rxe4 Qf5 19. c4 b6 20. Bc3 Rd8 21.
Qg3 g6 22. Re2 Ba6 23. Red2 Bxc4 24. Bxc4 Qc5+ 25. Rd4 Nxd4 26. Rxd4 Rac8 27.
Qe3 b5 28. Bxe6+ Kf8 29. Bb4 Qxb4 30. Rxb4 dxe6 31. Qxe6 Rc1+ 32. Kf2 Rd2+ 33.
Kg3 Rc3+ 34. Kh4 Rcc2 35. Rxb5 Rxg2 36. Rb8+ Kg7 37. Qe7+ Kh6 38. Qf8# {Black
checkmated} 1-0

[Event "Team 45 45 League T33"]
[Site "Internet Chess Club"]
[Date "2007.05.20"]
[Round "5"]
[White "GrandPoobah069"]
[Black "walleye"]
[Result "1-0"]
[WhiteElo "1672"]
[BlackElo "1397"]
[ECO "C44"]
[TimeControl "2700+45"]

1. e4 e5 2. Nf3 Nc6 3. d4 exd4 4. Bc4 Bc5 5. c3 dxc3 6. Bxf7+ Kxf7 7. Qd5+ Kf8
8. Qxc5+ Qe7 9. Qxe7+ Ngxe7 10. Nxc3 d5 11. a3 dxe4 12. Nxe4 Bf5 13. Nc3 Bd3 14.
Bf4 Rc8 15. O-O-O Bc4 16. Rd7 Be6 17. Rxc7 Rxc7 18. Bxc7 h6 19. Re1 Kf7 20. Ne4
Nc8 21. Nc5 Re8 22. Nxb7 Re7 23. Nd8+ Nxd8 24. Bxd8 Re8 25. Ne5+ Kf8 26. Ba5 Nd6
27. Bb4 Rc8+ 28. Kd2 Ke7 29. Re3 Rf8 30. Ng6+ {Black resigns} 1-0

[Event "Team 45 45 League T33"]
[Site "Internet Chess Club"]
[Date "2007.05.19"]
[Round "5"]
[White "sdcohle"]
[Black "IronWill"]
[Result "0-1"]
[WhiteElo "1362"]
[BlackElo "1504"]
[ECO "B01"]
[TimeControl "2700+45"]

1. e4 d5 2. exd5 Nf6 3. Nf3 Qxd5 4. Nc3 Qf5 5. g3 Nc6 6. Bg2 Qg6 7. O-O Bg4 8.
Re1 O-O-O 9. Re3 Nd4 10. d3 e6 11. Ne2 Nf5 12. Ne5 Qh5 13. Nxg4 Nxg4 14. h3
Ngxe3 15. Bxe3 Nxe3 16. fxe3 Bc5 17. d4 e5 18. c3 exd4 19. Qb3 Qxe2 20. Qxb7+
Kd7 21. Qd5+ Ke8 22. Qxc5 Qxe3+ 23. Kh2 Qe7 24. Bc6+ Kf8 25. Re1 Qxc5 26. Ba4
dxc3 27. bxc3 Qf2+ 28. Kh1 Qxe1+ 29. Kg2 Rd2+ 30. Kf3 Qf2+ 31. Ke4 Qe2+ 32. Kf4
g5+ 33. Kf5 Rd5+ 34. Kf6 Qe6# {White checkmated} 0-1

[Event "Team 45 45 League T33"]
[Site "Internet Chess Club"]
[Date "2007.05.22"]
[Round "5"]
[White "Russ"]
[Black "Toalla"]
[Result "0-1"]
[WhiteElo "1235"]
[BlackElo "1510"]
[ECO "E74"]
[TimeControl "2700+45"]

1. d4 Nf6 2. c4 d6 3. Nc3 g6 4. e4 Bg7 5. Be2 O-O 6. Bg5 c5 7. d5 Nbd7 8. Qd2 a6
9. Nf3 Qc7 10. Bh6 Re8 11. O-O e5 12. dxe6 fxe6 13. Rfd1 Bxh6 14. Qxh6 Rd8 15.
Ng5 Nf8 16. f4 Qg7 17. Qh3 h6 18. Nf3 e5 19. Qg3 Nh5 20. Qh4 Be6 21. fxe5 Bd7
22. exd6 Ne6 23. Qe7 Qf7 24. Qxf7+ Kxf7 25. Ne5+ Kf6 26. Nxd7+ Rxd7 27. Bxh5
Rad8 28. e5+ Kxe5 29. Bxg6 Rxd6 30. Rd5+ Rxd5 31. Nxd5 Nd4 32. Re1+ Kd6 33. Re7
b5 34. b3 Nc6 35. Rh7 bxc4 36. bxc4 Ne5 37. Rxh6 Nxc4 38. Nf4 Ke5 39. Nd3+ Kd4
40. Rh4+ Kc3 41. Nxc5 Rd1+ 42. Kf2 Rd2+ 43. Kf3 Rxa2 44. g4 Ne5+ 45. Kf4 Nxg6+
46. Kg5 Nxh4 47. Kxh4 Rxh2+ 48. Kg3 Rh6 49. g5 Rg6 50. Kg4 a5 51. Kf5 Rc6 52.
Ne4+ Kd4 53. Nf6 Rc5+ 54. Kg6 a4 55. Nd7 Rb5 56. Kf6 Rxg5 57. Kxg5 Kc3 58. Nc5
a3 59. Ne4+ Kc2 60. Nc5 a2 {White resigns} 0-1

[Event "Team 45 45 League T33"]
[Site "Internet Chess Club"]
[Date "2007.05.20"]
[Round "5"]
[White "Burning-Bush"]
[Black "JaiHanuman"]
[Result "1/2-1/2"]
[WhiteElo "2038"]
[BlackElo "1978"]
[ECO "D51"]
[TimeControl "2700+45"]

1. d4 d5 2. c4 e6 3. Nc3 Nf6 4. Bg5 Nbd7 5. e3 c6 6. a3 dxc4 7. Bxc4 Qa5 8. Bf4
Nd5 9. Bxd5 exd5 10. b4 Qd8 11. Nf3 Nf6 12. h3 Bd6 13. Bxd6 Qxd6 14. O-O Bf5 15.
Nh4 Bd7 16. Qd3 a6 17. Nf5 Bxf5 18. Qxf5 Qe6 19. Qf4 Rc8 20. e4 dxe4 21. Rfe1
O-O 22. Nxe4 Nxe4 23. Rxe4 Qb3 24. Re3 Qb2 25. Rd1 Rcd8 26. Qe5 Qc2 27. Rdd3
Qc1+ 28. Kh2 Qc4 29. Rg3 g6 30. Qf4 Qe6 31. Qh6 Qf6 32. Rg4 Rfe8 33. Rf4 Qd6 34.
Rg3 Qf8 35. Qh4 Qe7 36. Qh6 Qf8 37. Qh4 Qe7 38. Qh6 Qf8 {Game drawn by
repetition} 1/2-1/2

[Event "Team 45 45 League T33"]
[Site "Internet Chess Club"]
[Date "2007.05.20"]
[Round "5"]
[White "cityprosecutor"]
[Black "Warning"]
[Result "1-0"]
[WhiteElo "1803"]
[BlackElo "1832"]
[ECO "B07"]
[TimeControl "2700+45"]

1. e4 d6 2. d3 g6 3. g3 Bg7 4. Bg2 Nc6 5. Nf3 e5 6. Nbd2 Be6 7. O-O h6 8. Re1
Qd7 9. a4 Bh3 10. Bh1 h5 11. Ng5 h4 12. Nxh3 Qxh3 13. Bg2 Qe6 14. Nf3 hxg3 15.
fxg3 Nf6 16. Ng5 Qd7 17. a5 Nh7 18. Bh3 Qe7 19. Qg4 Nd4 20. Rf1 Nxg5 21. Bxg5 f6
22. Bxf6 Bxf6 23. Qxg6+ Kd8 24. Rxf6 Rxh3 25. Rf7 Qe6 26. Qg8+ Qe8 27. Rf8 Ke7
28. Qg7+ Kd8 29. Rxe8+ Kxe8 30. Qg8+ {Black resigns} 1-0

[Event "Team 45 45 League T33"]
[Site "Internet Chess Club"]
[Date "2007.05.19"]
[Round "5"]
[White "Klampin"]
[Black "HocusPocus"]
[Result "1-0"]
[WhiteElo "2007"]
[BlackElo "2050"]
[ECO "A48"]
[TimeControl "2700+45"]

1. d4 Nf6 2. Nf3 g6 3. Bg5 Bg7 4. Nbd2 d5 5. e3 O-O 6. Bd3 b6 7. O-O Bb7 8. c4
c6 9. Rc1 Nbd7 10. cxd5 cxd5 11. Qa4 Ne4 12. Bf4 Nxd2 13. Nxd2 e5 14. dxe5 Nxe5
15. Be2 a6 16. Rfd1 b5 17. Qb4 Rc8 18. Nf3 Rxc1 19. Rxc1 Nc6 20. Qd2 Qf6 21. b3
Qf5 22. Bd3 Qd7 23. Be4 Rd8 24. Rd1 Ne7 25. Be5 Bxe5 26. Nxe5 Qe6 27. Qd4 f6 28.
Ng4 Kg7 29. f3 Nc6 30. Qb6 Bc8 31. Qc7+ Qd7 32. Qf4 Qe7 33. Qh6+ Kh8 34. Bxg6
Bxg4 35. fxg4 Ne5 36. Bf5 Nc6 37. Bxh7 {Black resigns} 1-0

[Event "Team 45 45 League T33"]
[Site "Internet Chess Club"]
[Date "2007.05.20"]
[Round "5"]
[White "upturnedcircle"]
[Black "AlexeiD"]
[Result "0-1"]
[WhiteElo "1943"]
[BlackElo "2043"]
[ECO "D30"]
[TimeControl "2700+45"]

1. d4 d5 2. c4 e6 3. Nf3 c6 4. Nc3 dxc4 5. a4 Bb4 6. Ne5 b5 7. g3 Bb7 8. Bg2 Qb6
9. O-O Ne7 10. e4 O-O 11. Be3 a6 12. h4 f6 13. Ng4 Nd7 14. h5 f5 15. exf5 exf5
16. Ne5 Qc7 17. Bf4 Bd6 18. axb5 axb5 19. Rxa8 Bxa8 20. b3 Nxe5 21. dxe5 Bxe5
22. Bxe5 Qxe5 23. Re1 Qxc3 24. Rxe7 cxb3 25. Qd7 b2 26. h6 b1=Q+ 27. Kh2 Qbb2
28. Qe6+ Kh8 29. Qxf5 Qf6 30. hxg7+ Qxg7 {White resigns} 0-1

[Event "Team 45 45 League T33"]
[Site "Internet Chess Club"]
[Date "2007.05.21"]
[Round "5"]
[White "RingLord"]
[Black "Sailor"]
[Result "1-0"]
[WhiteElo "1582"]
[BlackElo "1853"]
[ECO "B20"]
[TimeControl "2700+45"]

1. e4 c5 2. b4 cxb4 3. a3 d5 4. exd5 Qxd5 5. Nf3 e5 6. axb4 Bxb4 7. c3 Be7 8.
Na3 Bd7 9. Nc4 Nc6 10. Nb6 Qe4+ 11. Be2 Rd8 12. Nxd7 Rxd7 13. O-O Nf6 14. Re1
Qd5 15. Qa4 O-O 16. Ng5 e4 17. Nxe4 Qxe4 18. d4 Qf5 19. Bf3 Nd5 20. Be4 Qf6 21.
Bd2 Nb6 22. Qb5 Rfd8 23. Re3 Nxd4 24. cxd4 Qxd4 25. Bc3 Qc5 26. Qb3 Nd5 27. Bxd5
Rxd5 28. Qxb7 Qxc3 29. Rf1 R5d7 30. Qxd7 Qxe3 31. Qxd8+ Bxd8 32. fxe3 Be7 33.
Rb1 g6 34. Kf2 a5 35. Rb8+ Kg7 36. Ra8 Bb4 37. Ra6 g5 38. g4 f6 39. Kf3 Kg6 40.
Ke4 Bd2 41. h3 Bb4 42. Kd5 h6 43. e4 Kf7 44. Ra7+ Kg6 45. Ke6 Bc3 46. Ke7 h5 47.
Kf8 h4 48. Rg7+ Kh6 49. Kf7 Be5 50. Rg8 Kh7 51. Ra8 Bc3 52. Ra6 Kh6 53. Rc6 Bd4
54. Ra6 Bc3 55. e5 Bxe5 56. Rxa5 Kh7 57. Ra6 Bd4 58. Rxf6 {Black resigns} 1-0